 Dungeon Crawl Stone Soup version 0.27.0-1-g7a089689b8 (webtiles) character file.

Game seed: 17034644823071064784

408 H0rd4k the Caller (level 6, -4/41 HPs)
             Began as a Barachi Summoner on Aug 6, 2021.
             Was a Follower of Qazlal.
             Slain by a shadow (34 damage)
             ... on level 5 of the Dungeon.
             The game lasted 00:18:27 (7334 turns).

H0rd4k the Caller (Barachi Summoner)                Turns: 7334, Time: 00:18:27

Health: -4/41      AC:  3    Str: 10    XL:     6   Next: 88%
Magic:  9/13       EV: 12    Int: 17    God:    Qazlal [*.....]
Gold:   285        SH:  2    Dex: 12    Spells: 2/14 levels left

rFire    . . .     SeeInvis .   (no weapon)
rCold    . . .     Faith    .   (no shield)
rNeg     . . .     Spirit   .   a - +0 robe
rPois    .         Reflect  .   (no helmet)
rElec    .         Harm     .   (no cloak)
rCorr    +         Rampage  .   (no gloves)
Will     .....                  m - +0 pair of boots
Stlth    ++........             (no amulet)
HPRegen  0.13/turn              o - ring of resist corrosion
MPRegen  0.13/turn              (no ring)

@: slow
A: amphibious, slowness 1, strong legs 1, +LOS
a: Hop, Renounce Religion


You were on level 5 of the Dungeon.
You worshipped Qazlal.
Qazlal was aware of your devotion.
You visited 2 branches of the dungeon, and saw 7 of its levels.

You collected 285 gold pieces.

Inventory:

Missiles
 b - 14 poisoned darts (quivered)
Armour
 a - a +0 robe (worn)
 m - a +0 pair of boots (worn)
Jewellery
 o - a ring of resist corrosion (left hand)
 s - a +4 ring of protection
 v - an amulet of faith
Wands
 i - a wand of polymorph (6)
 t - a wand of iceblast (8)
Scrolls
 d - 3 scrolls of identify {unknown}
 e - 2 scrolls of fog {unknown}
 f - a scroll of magic mapping {unknown}
 g - a scroll of amnesia {unknown}
 k - 4 scrolls of noise {unknown}
 n - a scroll of torment {unknown}
 q - a scroll of brand weapon {unknown}
 r - 4 scrolls of silence {unknown}
Potions
 c - a potion of attraction {unknown}
 h - 3 potions of curing {unknown}
 j - a potion of might {unknown}
 l - a potion of brilliance {unknown}
 p - 2 potions of mutation {unknown}
 u - a potion of berserk rage {unknown}


   Skills:
 + Level 0.2 Throwing
 + Level 2.3 Dodging
 - Level 1.7 Stealth
 * Level 4.7 Spellcasting
 * Level 7.3 Summonings
 + Level 0.9 Necromancy
 * Level 1.2 Translocations
 * Level 1.1 Air Magic


You had 2 spell levels left.
You knew the following spells:

 Your Spells              Type           Power      Damage    Failure   Level
a - Summon Small Mammal   Summ           100%       N/A       1%          1
b - Call Canine Familiar  Summ           29%        N/A       2%          3
c - Summon Lightning Spi  Summ/Air       18%        N/A       26%         4
d - Blink                 Tloc           N/A        N/A       13%         2
e - Corpse Rot            Necr/Air       N/A        N/A       14%         2

Your spell library contained the following spells:

 Spells                   Type           Power      Damage    Failure   Level
 Call Imp                 Summ           29%        N/A       1%          2
 Poisonous Vapours        Pois/Air       12%        N/A       17%         2
 Slow                     Hex            4%         N/A       22%         2
 Summon Guardian Golem    Hex/Summ       16%        N/A       10%         3
 Lesser Beckoning         Tloc           4%         N/A       26%         3
 Confusing Touch          Hex            4%         N/A       41%         3
 Manifold Assault         Tloc           8%         N/A       94%         5
 Freezing Cloud           Conj/Ice/Air   2%         6-21      98%         5
 Yara's Violent Unravell  Hex/Tmut       2%         3d3       99%         5


Dungeon Overview and Level Annotations

Branches:
Dungeon (6/15)             Temple (1/1) D:4

Altars:
Ashenzari
Hepliaklqana
Makhleb
Nemelex Xobeh
Okawaru
Qazlal
Vehumet
Wu Jian
Xom
Zin
Beogh

Annotations:
D:6 exclusion: upstairs


Innate Abilities, Weirdness & Mutations

You are amphibious.
You cover ground slowly.
You can hop short distances.
You have an extended range of vision and can be seen from far away.


Message History

Something barely misses your hound. Something closely misses your hound.
Something hits your hound! Something closely misses your hound.
Something hits your hound!
Your hound dies!
Your hound's corpse disappears in a puff of smoke!
Casting: Call Canine Familiar (dangerous; 2% risk of failure)
Confirm with . or Enter, or press ? or * to list all spells.
You swap places.
Unknown command.
What are your orders? t - Croak!
Orders for allies: a - Attack new target. r - Retreat! s - Stop attacking. g - Guard the area. f - Follow me.
Anything else - Cancel.
Guard this area!
The shadow strikes at you from the darkness!
The shadow barely misses you.
You closely miss the shadow.
The shadow is lightly damaged.
The shadow hits you!
You swap places.
Your hound bites the shadow.
The shadow slips into darkness.
The shadow flickers and vanishes!
Deactivating autopickup; reactivate with Ctrl-A.
Your hound bites something but does no damage.
Your hound bites something but does no damage.
Something hits your hound!
Reactivating autopickup.
Your hound barely misses the shadow.
The shadow slips into darkness.
The shadow flickers and vanishes!
Deactivating autopickup; reactivate with Ctrl-A.
Your hound bites something.
Your hound bites something but does no damage.
The shadow strikes at you from the darkness!
Ouch! That really hurt!
You die...

.# #.####### #.#.h...#
###.#.###{# #...#.# #@#
#...#.# #.#
#...#.###.#############
#######...#h................#
........>.#####.###########.#
.......##..Wh...# #.# ?.....
######### #.# ....o
###########)# ....
#........†..#


There were no monsters in sight!

Vanquished Creatures
  Blork the orc (D:5)
  An iguana (D:5)
  An orc wizard (D:5)
  A dart slug (D:1)
  An orc (D:6)
  A goblin (D:4)
  A hobgoblin (D:1)
  A jackal (D:1)
  A quokka (D:4)
  A bat (D:3)
10 creatures vanquished.

Vanquished Creatures (collateral kills)
  A phantom (D:4)
  A scorpion (D:3)
  A water moccasin skeleton (D:4)
  A hound (D:6)
  A gnoll shaman (D:5)
  An orc priest (D:3)
  Natasha (twice) (D:2)
  Ijyb (D:4)
  An iguana (D:6)
  An orc wizard (D:3)
  Robin (D:4)
  6 gnolls
  A howler monkey skeleton (D:4)
  2 adders
  An ufetubus (D:3)
  3 worms
  6 orcs
  2 bats
  4 endoplasms
  6 giant cockroaches
  8 hobgoblins
  7 jackals (D:1)
  3 quokkas
  4 ball pythons
  3 frilled lizards
  17 goblins
  4 kobolds
  2 rats
91 creatures vanquished.

Grand Total: 101 creatures vanquished

Notes
Turn   | Place    | Note
-------+----------+-------------------------------------------
     0 | D:1      | H0rd4k the Barachi Summoner began the quest for the Orb.
     0 | D:1      | Reached XP level 1. HP: 13/13 MP: 3/3
   184 | D:1      | Reached skill level 5 in Summonings
   634 | D:1      | Reached XP level 2. HP: 16/19 MP: 5/5
  1554 | D:1      | Reached XP level 3. HP: 24/24 MP: 2/7
  1779 | D:1      | Learned a level 3 spell: Call Canine Familiar
  2232 | D:2      | You fall into a shaft and drop 2 floors!
  2315 | D:4      | Noticed Ijyb
  2344 | D:4      | Found a staircase to the Ecumenical Temple.
  2360 | Temple   | Entered the Ecumenical Temple
  2375 | Temple   | Became a worshipper of Qazlal Stormbringer
  2499 | D:4      | Reached XP level 4. HP: 24/30 MP: 1/8
  2621 | D:4      | Noticed Robin
  3082 | D:3      | Learned a level 4 spell: Summon Lightning Spire
  3169 | D:3      | Noticed a scorpion
  3457 | D:3      | Killed a scorpion
  3458 | D:3      | Reached skill level 6 in Summonings
  3595 | D:3      | Learned a level 2 spell: Blink
  3811 | D:3      | Reached XP level 5. HP: 20/35 MP: 2/10
  4215 | D:3      | Reached * piety under Qazlal
  4378 | D:2      | Noticed Natasha
  4406 | D:2      | Killed Natasha
  4457 | D:2      | Found a faded altar of an unknown god.
  4651 | D:2      | Found a stormy altar of Qazlal.
  4741 | D:2      | Noticed Natasha
  4759 | D:2      | Killed Natasha
  4760 | D:2      | Reached skill level 1 in Translocations
  4859 | D:2      | Learned a level 2 spell: Corpse Rot
  4925 | D:4      | Noticed a phantom
  4944 | D:4      | Killed a phantom
  5102 | D:4      | Killed Robin
  5315 | D:4      | Reached XP level 6. HP: 41/41 MP: 7/12
  5855 | D:4      | Killed Ijyb
  6014 | D:5      | Entered Level 5 of the Dungeon
  6171 | D:5      | Noticed a shadow
  6464 | D:5      | Reached skill level 1 in Air Magic
  6909 | D:6      | Reached skill level 7 in Summonings
  6934 | D:6      | Noticed a steam dragon
  6949 | D:5      | Noticed Blork the orc
  6984 | D:5      | Killed Blork the orc
  7334 | D:5      | Slain by a shadow

Illustrated notes

Levels and vault maps discovered:
D:1:      psy_arrival_radial02, layout_basic, glass_columns_b,
          minmay_misc_feat_x
D:2:      layout_loops_ring, basic_altar, hellmonk_ecumenical_altar_arch_garden,
          uniq_natasha
D:3:      layout_basic, kennysheep_orc_chapel
D:4:      layout_cave_pods, minmay_temple_entry_arrows, minmay_misc_feat_room,
          uniq_ijyb, uniq_robin
D:5:      layout_basic, chequers_serial_rivers_marsh, minmay_manual_monstrance,
          uniq_blork_the_orc
D:6:      layout_cave_pods, minmay_chambers_of_fives
Temple:   nicolae_temple_the_god_donut

Skill      XL: |  1  2  3  4  5  6 |
---------------+-------------------+-----
Summonings     | 5 6 7 |  7.3
Spellcasting   | 3 4 |  4.7
Translocations | 1 |  1.2
Air Magic      | 1 |  1.1
Throwing       | |  0.2
Dodging        | |  2.3
Stealth        | |  1.7
Necromancy     | |  0.9

Action                   |  1- 3 |  4- 6 || total
-------------------------+-------+-------++-------
Melee: Unarmed           |       |     3 ||     3
Throw: Dart              |    17 |     2 ||    19
 Cast: Summon Small Mamm |    84 |    35 ||   119
       Call Canine Famil |     1 |    54 ||    55
       Summon Lightning  |       |     3 ||     3
       Corpse Rot        |       |     1 ||     1
 Abil: Hop               |       |     1 ||     1
Evoke: Wand              |       |     2 ||     2
Armor: Robe              |     6 |    21 ||    27
Dodge: Dodged            |    36 |    57 ||    93
Block: Other             |       |     1 ||     1
